[Event "SVK ECo-C Extraliga 2021-22"]
[Site "Slovakia"]
[Date "2022.05.07"]
[Round "7.5"]
[White "Straka, Jozef"]
[Black "Manik, Mikulas"]
[Result "0-1"]
[ECO "E61"]
[WhiteElo "2341"]
[BlackElo "2368"]
[Annotator "TA"]
[PlyCount "52"]
[EventDate "2021.10.21"]
[EventType "team-tourn"]
[EventCountry "SVK"]
[SourceTitle "playchess.com"]
[Source "ChessBase"]
[SourceQuality "1"]
[TimeControl "40/5400+30:1800+30"]

1. d4 Nf6 2. c4 g6 3. Nc3 Bg7 4. Nf3 O-O 5. e3 c5 6. Be2 cxd4 7. Nxd4 d5 8. O-O dxc4 9. Bxc4 Qc7 10. Be2 {[%emt 0:04:39] D94: Grünfeld: 4 Nf3 Bg7 5 e3.} Nc6 11. Nxc6 bxc6 {[%emt 0:00:03] [#]} 12. Qc2 $146 {[%emt 0:09:40] The position is equal.} ({Predecessor:} 12. Bf3 Rd8 13. Qe2 Rb8 14. Qc4 Qa5 15. Rd1 Ba6 16. Rxd8+ Rxd8 17. Qxc6 Nd7 18. h3 {0-1 (48) Tomio,D (1882)-Ravagnani,T (1984) Cortina d'Ampezzo 2013}) 12... Rb8 13. e4 Rd8 14. Rb1 Ng4 15. Bxg4 Bxg4 $40 {[%emt 0:00:03][%mdl 128] Black attacks.} 16. Be3 Qa5 17. f3 Be6 18. Rfd1 h5 19. Rbc1 Rxd1+ 20. Rxd1 Bxa2 {[%emt 0:01:45] [#] ...Bb3 is the strong threat.} 21. b4 $1 Qa3 22. Qxa2 Qxc3 23. Qxa7 (23. Bc5 $11 {remains equal.}) 23... Rxb4 $17 ({Not} 23... Qxb4 24. h3 $15) 24. Rc1 $2 {[%emt 0:03:23][%mdl 8192] [#]} (24. Kh1 $17) 24... Qxc1+ $1 $19 {[%emt 0:00:07][%mdl 512] Black is clearly winning.} 25. Bxc1 Bd4+ 26. Qxd4 Rxd4 {[%emt 0:00:04] Weighted Error Value: White=0.56/Black=0.04 (flawless)} 0-1

[Event "SVK ECo-C Extraliga 2021-22"]
[Site "Slovakia"]
[Date "2022.05.08"]
[Round "7.5"]
[White "Dokaniev, Andrii"]
[Black "Macka, Oto"]
[Result "1-0"]
[ECO "B33"]
[WhiteElo "1667"]
[BlackElo "2026"]
[Annotator "TA"]
[PlyCount "78"]
[EventDate "2021.10.21"]
[EventType "team-tourn"]
[EventCountry "SVK"]
[SourceTitle "playchess.com"]
[Source "ChessBase"]
[SourceQuality "1"]
[TimeControl "40/5400+30:1800+30"]

1. e4 c5 2. Nf3 Nc6 3. d4 cxd4 4. Nxd4 e5 5. Nb5 d6 6. N1c3 a6 7. Na3 Be7 8. Nc4 Nf6 9. Bg5 Be6 10. Bxf6 gxf6 11. Ne3 Qa5 {[%emt 0:04:44] B33: Sicilian: Pelikan and Sveshnikov Variations.} (11... h5 $16 {was necessary.}) 12. Qd2 ({Better is} 12. Be2 $18) 12... Nd4 {[%emt 0:04:07] [#]} 13. Bd3 $146 ({Predecessor:} 13. Ncd5 Qxd2+ 14. Kxd2 Rc8 15. c3 Nc6 16. Be2 Bd8 17. g3 Bxd5 18. Nxd5 O-O 19. Rhd1 {1-0 (61) Perestjuk,M (1918)-Barwich,A (1905) Berlin 2010}) 13... Rc8 {[%emt 0:01:41] White is better.} 14. Ncd5 Qxd2+ 15. Kxd2 Rg8 16. Rhg1 Rg6 17. c3 Nc6 18. b4 Bf8 19. g3 Bh6 20. f4 Bxd5 (20... exf4 $1 $14 21. gxf4 Rxg1 22. Rxg1 Ne7) 21. Nxd5 (21. exd5 $16 Ne7 22. Bxg6 hxg6 23. Rgf1) 21... Ne7 22. Kc2 Nxd5 (22... exf4 $11 {keeps the balance.} 23. gxf4 (23. Nxf4 Bxf4 24. gxf4 Rh6 $11) 23... Nxd5 24. exd5 Bxf4) 23. exd5 $16 Rg7 24. fxe5 fxe5 25. Rgf1 Bg5 26. a4 Bd8 27. Rf5 Kf8 (27... a5 $14) 28. Rh5 Kg8 (28... a5 $142) 29. a5 Bc7 30. c4 Bb8 31. Kb3 {[%emt 0:01:52] 0x0.001ad06f71c3dp-1022s more active pieces.} Ba7 32. Rf1 Bd4 (32... Kf8 $16 33. Bxh7 Ke7) 33. Rh6 e4 34. Bxe4 f6 35. Bf5 Re8 36. Be6+ Kh8 37. Rf5 Ree7 38. Ka4 Be5 39. c5 (39. Rfh5 $142) 39... Rg6 {[%emt 0:00:30] Weighted Error Value: White=0.27 (precise) /Black=0.27 (precise)} (39... dxc5 $142 40. bxc5 Rg4+ 41. Ka3 Rd4) 1-0

[Event "SVK ECo-C Extraliga 2021-22"]
[Site "Slovakia"]
[Date "2022.05.07"]
[Round "7.6"]
[White "Nguyen, Piotr"]
[Black "Harasta, Igor"]
[Result "1-0"]
[ECO "A45"]
[WhiteElo "2402"]
[BlackElo "2112"]
[Annotator "TA"]
[PlyCount "85"]
[EventDate "2021.10.21"]
[EventType "team-tourn"]
[EventCountry "SVK"]
[SourceTitle "playchess.com"]
[Source "ChessBase"]
[SourceQuality "1"]
[TimeControl "40/5400+30:1800+30"]

1. d4 Nf6 2. Bg5 g6 3. Bxf6 exf6 4. e3 Bg7 5. g3 d6 6. Bg2 O-O 7. Ne2 f5 8. c4 Nd7 9. Nbc3 c6 10. O-O Nf6 11. b4 Qc7 {[%emt 0:14:38] A45: Trompowsky Attack.} 12. Qd3 Re8 13. Rab1 Bd7 {[%emt 0:05:02] White is slightly better.} 14. Rfd1 {[%emt 0:05:18] [#]} Rad8 $146 ({Predecessor:} 14... a5 15. b5 h5 16. Rb2 Rab8 17. Rdb1 Kh7 18. Qc2 Rec8 19. b6 Qd8 20. Rd1 Ra8 {1-0 (61) Rozic,V (2258)-Matijevic,F (2044) Nova Gorica 2012}) 15. d5 cxd5 16. Nxd5 Nxd5 17. Bxd5 Be6 18. h4 Be5 19. Rbc1 Qb6 20. a3 Qa6 21. Qb3 Qb6 22. Rd2 a5 23. Rcd1 axb4 24. axb4 Ra8 25. Bxe6 Rxe6 26. Nd4 (26. h5 {seems wilder.} Qc6 27. Nd4 Bxd4 28. Rxd4 Qf3 29. c5) 26... Bxd4 27. Rxd4 Qc6 ({Better is} 27... h5 $1 $14) 28. Rd5 $16 Rc8 29. R1d4 Kf8 (29... Ra8 $16 {might work better.}) 30. h5 Ke7 $2 (30... b6 $16 {keeps fighting.} 31. Qd1 Ke7) 31. c5 $18 dxc5 32. Rxc5 Qe8 33. Qd5 {[%emt 0:00:05] White is much more active.} (33. Qc3 $142 Rec6 34. e4) 33... Rcc6 (33... Kf8 $16) 34. Rxc6 bxc6 {[%emt 0:00:25][%mdl 4096] Endgame KQR-KQR} 35. Qc5+ Kf6 36. Qc3 $1 {[%emt 0:00:19] Threatens to win with Rd8+.} Ke7 {[%emt 0:01:02] Prevents Rd8.} (36... Kg5 $16 {was worth a try.}) 37. Qc5+ (37. hxg6 $18 hxg6 38. Rd1) 37... Kf6 $16 {[%emt 0:00:07] [#]} 38. Qc3 (38. hxg6 $1 $16 hxg6 39. Qc3) 38... Ke7 $1 $18 39. Qa3 Kf6 {[%emt 0:00:28] [#]} 40. Qa1 $1 $36 {[%emt 0:01:14][%mdl 2048] aiming for Rd8+. White is on the roll.} Ke7 {[%emt 0:01:17] Inhibits Rd8.} 41. Qa7+ (41. hxg6 $18 {and White stays clearly on top.} hxg6 42. Rd1) 41... Kf8 $2 (41... Kf6 $16 {is tougher.}) 42. h6 {[%emt 0:00:00] Hoping for Qc7.} Re7 {[%emt 0:02:43] Against Qc7} (42... Re5 $142 43. Rd1 Rd5 44. Rxd5 cxd5) 43. Qb6 {[%emt 0:00:00] Weighted Error Value: White=0.28 (precise) /Black=0.47} 1-0

[Event "SVK ECo-C Extraliga 2021-22"]
[Site "Slovakia"]
[Date "2022.05.07"]
[Round "7.6"]
[White "Brnusak, Tomas"]
[Black "Motuz, Karol"]
[Result "1/2-1/2"]
[ECO "D05"]
[WhiteElo "2212"]
[BlackElo "2315"]
[Annotator "TA"]
[PlyCount "79"]
[EventDate "2021.10.21"]
[EventType "team-tourn"]
[EventCountry "SVK"]
[SourceTitle "playchess.com"]
[Source "ChessBase"]
[SourceQuality "1"]
[TimeControl "40/5400+30:1800+30"]

1. d4 Nf6 2. Nf3 d5 3. e3 e6 4. Bd3 Be7 5. b3 b6 6. Bb2 {[%emt 0:02:26] D05: Colle System with ...e6.} Bb7 7. Nbd2 c5 8. Ne5 O-O 9. Qf3 Nc6 10. a3 {[%emt 0:08:33] Inhibits Nb4.} Rc8 11. Qh3 g6 {[%emt 0:14:27] [#]} 12. O-O $146 ({Predecessor:} 12. f3 cxd4 13. Nxc6 Bxc6 14. exd4 Nh5 15. g3 Qd7 16. Qf1 Bd6 17. f4 Nf6 18. Qe2 {1-0 (40) Mohannad,F (2313)-Moayed,O (2102) Dubai 2014}) 12... cxd4 13. exd4 Nxe5 14. dxe5 Nd7 15. Nf3 Nc5 16. Nd4 Ba6 17. f4 Bxd3 18. cxd3 Qd7 $1 19. f5 exf5 20. Nxf5 Qe6 (20... gxf5 $2 21. Qg3+ Kh8 22. e6+ d4 23. exd7 $18) (20... Ne6 $5 21. Nxe7+ (21. Nh6+ Kg7 $11) 21... Qxe7 $11) 21. d4 gxf5 22. dxc5 Bxc5+ 23. Kh1 f4 $1 24. Rxf4 {[%emt 0:03:17] Strongly threatening Qg3+.} Qxh3 25. gxh3 Rc6 26. Rd1 Rd8 27. b4 {[%emt 0:00:40] Hoping for e6.} Be3 28. Rf3 Rc2 {[%emt 0:00:41] [#]} 29. Ba1 {[%emt 0:03:13] [#]} (29. e6 $1 $14 Rxb2 30. e7 (30. Rxe3 fxe6 31. Rxe6 Ra2 $15)) 29... Rc1 $1 $15 30. Rxc1 Bxc1 {[%emt 0:00:00][%mdl 4096] Endgame KRB-KRB} 31. Kg2 Rc8 $1 32. Kg3 Rc2 33. Kg4 {[%emt 0:00:47] [#]} Ra2 $1 ({Of course not} 33... Rxh2 $6 34. Rc3 Bb2 35. Bxb2 Rg2+ 36. Kf5 Rxb2 37. Rc7 $11) 34. Bc3 ({White should play} 34. Bd4 Rxa3 35. Rc3 Rxc3 36. Bxc3) 34... Rxa3 $17 ({And not} 34... Bxa3 35. Bd2 $17) 35. Kf5 a5 (35... Kf8 $17 36. Rg3 Ra2) 36. bxa5 {[%emt 0:00:02] The position is equal.} bxa5 {[%emt 0:00:01] aiming for ...Kf8.} 37. e6 fxe6+ 38. Kxe6 d4 39. Rg3+ Kf8 40. Rf3+ {[%emt 0:00:11] Weighted Error Value: White=0.12 (very precise) /Black=0.09 (flawless)} 1/2-1/2

[Event "SVK ECo-C Extraliga 2021-22"]
[Site "Slovakia"]
[Date "2022.05.07"]
[Round "7.6"]
[White "Sepesi, Samuel"]
[Black "Zetocha, Claudiu"]
[Result "0-1"]
[ECO "B42"]
[WhiteElo "2137"]
[BlackElo "2287"]
[Annotator "TA"]
[PlyCount "62"]
[EventDate "2021.10.21"]
[EventType "team-tourn"]
[EventCountry "SVK"]
[SourceTitle "playchess.com"]
[Source "ChessBase"]
[SourceQuality "1"]
[TimeControl "40/5400+30:1800+30"]

1. e4 c5 2. Nf3 e6 3. d4 cxd4 4. Nxd4 a6 5. Bd3 Nf6 6. Be3 d6 7. Nc3 b5 8. a3 Bb7 {[%emt 0:01:43] B80: Sicilian Scheveningen: 6 g3 and 6 Be3, including English Attack.} 9. g4 Be7 10. Qe2 (10. g5 $14 {was preferrable.} Nfd7 11. f4) 10... Qc7 {[%emt 0:20:02] [#]} (10... d5 $11 11. e5 Nfd7) 11. O-O-O $146 (11. g5 $14 Nfd7 12. O-O) ({Predecessor:} 11. g5 Nfd7 12. f4 Nc6 13. h4 Nc5 14. Rh3 Rc8 15. Nxc6 Qxc6 16. f5 Nxd3+ 17. Qxd3 {1-0 (36) Velazco,E-Parraga,A (2169) Arequipa 2003}) 11... Nc6 ({Better is} 11... d5 $1 $15 12. e5 Qxe5) 12. Nxc6 Bxc6 13. g5 Nd7 14. f4 Qb7 15. b4 {[%emt 0:13:38] Against Nc5} (15. Rhg1 $14) 15... O-O $1 $15 16. h4 a5 17. Rhg1 (17. Bxb5 $2 axb4 18. axb4 d5 19. Bxc6 (19. exd5 $2 Bxb4 20. Qd3 Bxc3 $19) 19... Qxc6 $19) 17... axb4 18. axb4 d5 (18... Qc7 $17 {Hoping for ...Rfc8.} 19. Bxb5 (19. Nxb5 $2 Bxb5 20. Bxb5 Qc3 $19) 19... d5 20. exd5 Bxd5) 19. exd5 $11 (19. Bxb5 $2 Bxb4 20. Bd4 Ra1+ 21. Nb1 Bxb5 $19) 19... Bxb4 $2 (19... Bxd5 $11 20. Nxd5 (20. Bxb5 $2 Bxb4 21. Nxd5 exd5 $19) (20. Qh5 $2 g6 $19) 20... exd5) 20. Bxh7+ $2 (20. dxc6 Bxc3 $1) (20. Bd4 $1 $18 {White threatens Bxh7+ and mate.} Bxc3 21. Bxc3 Bxd5 22. Qe3 (22. Bxb5 Rfc8 $17) (22. Qh5 Be4 $17)) 20... Kxh7 $15 21. dxc6 (21. Bd4 $1 $15 Bxc3 22. Bxc3) 21... Qxc6 $17 {[%emt 0:02:05] Really sharp!} (21... Ra1+ 22. Kd2 Bxc3+ 23. Kxc3 Qxc6+ 24. Kb2 Rxd1 25. Rxd1 $11) 22. Nb1 {[%emt 0:01:32] [#] aiming for Qd3+.} Nc5 {[%emt 0:08:38] Against Qd3+} 23. h5 $2 ({Don't blunder} 23. Qh5+ $2 Kg8 24. Bxc5 (24. g6 $2 {gets mated.} Nb3+ 25. Kb2 Ra2+ 26. Kxa2 Qxc2#) 24... Qxc5 $19) (23. Bxc5 {was necessary.} Bxc5 24. Rg3 (24. Qh5+ $2 Kg8 $19)) 23... Ra2 $19 ({Stronger than} 23... Nb3+ 24. Kb2 Kg8 25. Kxb3 $19) 24. Bxc5 Bxc5 25. g6+ Kh8 {[%emt 0:00:45][%cal Oc5e3] ( -> ...Be3+!)} 26. Rg3 {[%emt 0:01:34][%cal Oh5h6] Against Be3+} Bd6 27. Rf1 Qc4 $2 $40 {[%emt 0:02:05][%mdl 128] Black attacks.} (27... Qc7 $19 28. Rgf3 Rc8) 28. Qxc4 $15 bxc4 29. Re3 $2 (29. Rc3 $15) 29... fxg6 $19 30. Rxe6 Bxf4+ 31. Kd1 $2 (31. Rxf4 Rxf4 32. hxg6) 31... gxh5 {[%emt 0:00:00] Weighted Error Value: White=0.84/Black=0.67} 0-1

[Event "SVK ECo-C Extraliga 2021-22"]
[Site "Slovakia"]
[Date "2022.05.08"]
[Round "7.6"]
[White "Gulbis, Adrian"]
[Black "Lipka, Juraj"]
[Result "0-1"]
[ECO "D45"]
[WhiteElo "2097"]
[BlackElo "2379"]
[Annotator "TA"]
[PlyCount "60"]
[EventDate "2021.10.21"]
[EventType "team-tourn"]
[EventCountry "SVK"]
[SourceTitle "playchess.com"]
[Source "ChessBase"]
[SourceQuality "1"]
[TimeControl "40/5400+30:1800+30"]

1. d4 d5 2. c4 e6 3. Nc3 c6 4. e3 Nf6 5. Nf3 a6 6. a3 Nbd7 7. Bd3 {[%emt 0:02:38] D45: Semi-Slav: 5 e3.} dxc4 8. Bxc4 c5 9. dxc5 {[%emt 0:08:59] The position is equal.} Bxc5 10. b4 Be7 11. Bb2 b5 12. Bb3 Bb7 13. O-O O-O 14. Qe2 {[%emt 0:13:13] [#]} Rc8 $146 ({Predecessor:} 14... Qb6 15. e4 Ng4 16. Rfd1 Rfd8 17. h3 Nge5 18. Nxe5 Nxe5 19. Nxb5 Bf6 20. Nc3 Bc6 21. Rxd8+ Rxd8 {1-0 (30) Semenyuk,V (2119)-Zabava,O (2253) Dombaj 2011}) 15. Rfd1 Qc7 16. Rac1 Qb8 17. e4 Rfd8 18. h3 Qf4 19. g3 Qb8 20. Qe3 Qa8 21. Re1 Rc7 (21... Ne8 $17) 22. Kh2 Rdc8 23. Ba2 (23. Rcd1 $11) 23... Ne8 (23... a5 $17 24. Ra1 axb4 25. axb4 Qb8 26. Nxb5 Rc2 27. Bxf6 Nxf6) 24. Nd2 a5 25. Nxb5 Rxc1 26. Rxc1 Rxc1 27. Bxc1 axb4 28. Qd4 (28. Bc4 $17 {is a better defense.}) 28... Bc6 $19 29. Bc4 {[%emt 0:03:08] [#]} (29. Qc4) 29... bxa3 (29... Qa4 $142 30. axb4 Bxb5) 30. Na7 $2 (30. Qa7 Qxa7 31. Nxa7) 30... Bc5 {[%emt 0:00:54] Weighted Error Value: White=0.66/Black=0.20 (precise)} 0-1

[Event "SVK ECo-C Extraliga 2021-22"]
[Site "Slovakia"]
[Date "2022.05.07"]
[Round "7.6"]
[White "Berta, Sandor"]
[Black "Karas, Marek"]
[Result "0-1"]
[ECO "A00"]
[WhiteElo "2054"]
[BlackElo "2292"]
[Annotator "TA"]
[PlyCount "98"]
[EventDate "2021.10.21"]
[EventType "team-tourn"]
[EventCountry "SVK"]
[SourceTitle "playchess.com"]
[Source "ChessBase"]
[SourceQuality "1"]
[TimeControl "40/5400+30:1800+30"]

1. g3 e5 2. Bg2 Nf6 3. e4 Nc6 4. Nc3 Bc5 5. Nge2 d6 6. h3 a6 {[%emt 0:02:00] C26: Vienna Game: 2...Nf6, sidelines .} 7. O-O Be6 8. Nd5 Ba7 {[%emt 0:04:46] The position is equal.} 9. c3 {[%emt 0:05:30] [#]} Ne7 $146 ({Black should try} 9... O-O $11) ({Predecessor:} 9... Qd7 10. Kh2 Ne7 11. Nxf6+ gxf6 12. f4 f5 13. exf5 Bxf5 14. d4 O-O-O 15. g4 exd4 16. gxf5 dxc3 17. bxc3 Nxf5 {1-0 (42) Mahindrakar,I (2042)-Khusenkhojaev,M (2427) Bhopal 2019}) 10. Nxe7 (10. Nxf6+ $14 gxf6 11. d4) 10... Qxe7 $11 11. d4 c5 12. Be3 cxd4 13. cxd4 O-O 14. Nc3 Rfd8 15. dxe5 dxe5 16. Qe2 Bd4 17. Bxd4 (17. Rac1 $11) 17... exd4 $15 ({Of course not} 17... Rxd4 18. Rfd1 $11) 18. e5 dxc3 (18... Nd7 $5 19. Nb1 Rac8 $17) 19. exf6 Qxf6 {[%emt 0:00:26] aiming for ...Rd2.} 20. bxc3 Rab8 21. Rfd1 Rdc8 22. Rac1 Qg5 23. Qd2 (23. h4 $11 Qc5 24. c4) 23... Qxd2 24. Rxd2 Kf8 25. h4 Rc5 26. Rd4 (26. a4 $15) 26... b5 27. a3 {[%emt 0:01:38] [#]} a5 $1 {[%emt 0:00:32][%cal Ob5b4] Prevents Rb4.} 28. Kf1 {[%emt 0:00:43] [#]} (28. Rdd1 $17 {was worth a try.}) 28... Rbc8 (28... b4 $1 $19 29. axb4 axb4) 29. Rb1 (29. Ke2 $17) 29... Rxc3 $19 30. Bd5 Rc1+ 31. Rxc1 Rxc1+ {[%emt 0:00:01][%mdl 4096] Endgame KRB-KRB} 32. Ke2 Rc3 (32... Rc2+ $19 {and Black stays clearly on top.} 33. Ke1 Ke7) 33. Bxe6 $17 fxe6 {[%emt 0:00:07] KR-KR} 34. Rd8+ (34. a4 $17) 34... Ke7 $19 35. Rb8 Rb3 36. Kd2 (36. g4 $17 {was necessary.}) 36... a4 ({Stronger than} 36... Rxa3 37. Rxb5 a4 38. Rb7+ Kf6 39. Rb4 $17) 37. Rb7+ Kf6 38. Rb8 h6 ({Don't blunder} 38... Rxa3 $2 39. Rxb5 Ra2+ 40. Ke3 $19) 39. Rb7 g5 40. hxg5+ $2 (40. Ke2) 40... hxg5 41. Ke2 g4 {[%emt 0:01:40] ...Ke5 is the strong threat.} 42. Rb8 Ke5 43. Rg8 Rxa3 44. Rg5+ Kd4 45. Rxb5 Rb3 46. Rg5 Kc3 {[%emt 0:00:11] ( -> ...a3)} 47. Rxg4 a3 48. Ra4 Kb2 49. g4 a2 {[%emt 0:00:06] Weighted Error Value: White=0.66/Black=0.12 (very precise)} 0-1

[Event "SVK ECo-C Extraliga 2021-22"]
[Site "Slovakia"]
[Date "2022.05.08"]
[Round "7.6"]
[White "Visvader, Kristof"]
[Black "Szucs, Vladimir"]
[Result "1/2-1/2"]
[ECO "B35"]
[WhiteElo "1607"]
[BlackElo "2082"]
[Annotator "TA"]
[PlyCount "43"]
[EventDate "2021.10.21"]
[EventType "team-tourn"]
[EventCountry "SVK"]
[SourceTitle "playchess.com"]
[Source "ChessBase"]
[SourceQuality "1"]
[TimeControl "40/5400+30:1800+30"]

1. e4 c5 2. Nf3 Nc6 3. d4 cxd4 4. Nxd4 Nf6 5. Nc3 g6 6. Be3 Bg7 7. Bc4 O-O 8. h3 d6 9. Qd2 Re8 {[%emt 0:00:10][%cal Of6e4] B35: Sicilian: Accelerated Dragon with 5 Nc3: main line.} (9... Nxe4 {is interesting.} 10. Nxe4 d5 11. O-O-O Nxd4 12. Bxd4 dxc4 13. Bxg7 Qxd2+ 14. Nxd2 Kxg7 15. Nxc4 Be6) 10. O-O-O Bd7 {[%emt 0:00:25] [#]} 11. Bh6 $146 ({Predecessor:} 11. Nf3 Rc8 12. Bb3 a6 13. Bh6 Bh8 14. Ng5 b5 15. Bxf7# {1-0 (15) Karaivanova,P (1638)-Jurky,M (1303) Kouty nad Desnou 2018}) 11... Nxe4 12. Nxc6 (12. Nxe4 $16 Bxd4 13. Ng5 (13. Qf4 Be6 $11)) 12... Nxd2 $11 13. Bxf7+ $1 Kxf7 14. Nxd8+ Raxd8 15. Bxg7 Nb3+ 16. axb3 {[%emt 0:00:08] [#] And now Bd4 would win.} Kxg7 17. Rhe1 Bc6 18. g3 e5 19. f4 (19. b4 $11 {feels stronger.}) 19... e4 (19... exf4 $1 $15 20. gxf4 Rxe1 21. Rxe1 Rd7) 20. Rd4 $16 {[%emt 0:00:55] White is better.} d5 21. Kd2 Kf6 22. Ke3 {[%emt 0:01:46] Weighted Error Value: White=0.19 (very precise) /Black=0.43} 1/2-1/2

[Event "SVK ECo-C Extraliga 2021-22"]
[Site "Slovakia"]
[Date "2022.05.08"]
[Round "7.7"]
[White "Maslik, Miroslav"]
[Black "Blaho, Stefan"]
[Result "1/2-1/2"]
[ECO "D94"]
[WhiteElo "2370"]
[BlackElo "2011"]
[Annotator "TA"]
[PlyCount "38"]
[EventDate "2021.10.21"]
[EventType "team-tourn"]
[EventCountry "SVK"]
[SourceTitle "playchess.com"]
[Source "ChessBase"]
[SourceQuality "1"]
[TimeControl "40/5400+30:1800+30"]

1. Nf3 d5 2. c4 c6 3. e3 Nf6 4. Nc3 g6 5. d4 Bg7 6. Bd3 O-O 7. O-O Na6 {[%emt 0:06:24] D94: Grünfeld: 4 Nf3 Bg7 5 e3.} 8. cxd5 cxd5 9. Qb3 {[%emt 0:01:12] Inhibits Nb4.} Nc7 {[%emt 0:08:03] White is slightly better.} 10. Bd2 {[%emt 0:05:41] [#]} b6 $146 ({Predecessor:} 10... Rb8 11. Ne5 Bf5 12. Be2 Nd7 13. Nd3 e5 14. dxe5 Bxd3 15. Bxd3 Nc5 16. Qc2 Nxd3 17. Qxd3 Bxe5 {½-½ (48) Hrbolka,L (2205)-Pokorny,P (2215) Czech Republic 2001}) 11. Ne5 {[%emt 0:11:23] White is more active.} (11. a4 $14) 11... Bb7 $11 12. a4 Ne4 13. Rfd1 Nxd2 (13... Bxe5 $5 14. dxe5 Nc5 $11) 14. Rxd2 f6 15. Nf3 e6 16. Rc2 Rf7 17. a5 Bf8 18. Rac1 (18. axb6 $14 axb6 19. Rxa8 Nxa8 20. e4) 18... Na6 $15 19. Bxa6 Bxa6 {[%emt 0:01:14] Weighted Error Value: White=0.22 (precise) /Black=0.10 (very precise)} 1/2-1/2

[Event "SVK ECo-C Extraliga 2021-22"]
[Site "Slovakia"]
[Date "2022.05.07"]
[Round "7.7"]
[White "Vojtek, Vladimir"]
[Black "Macko, Michal"]
[Result "1-0"]
[ECO "B40"]
[WhiteElo "2287"]
[BlackElo "2161"]
[Annotator "TA"]
[PlyCount "97"]
[EventDate "2021.10.21"]
[EventType "team-tourn"]
[EventCountry "SVK"]
[SourceTitle "playchess.com"]
[Source "ChessBase"]
[SourceQuality "1"]
[TimeControl "40/5400+30:1800+30"]

1. e4 c5 2. Nf3 e6 3. b3 b6 4. Bb2 Bb7 5. Nc3 Nc6 6. d4 cxd4 7. Nxd4 a6 {[%emt 0:08:28] [#] B40: Sicilian: 2...e6, Unusual lines.} 8. Nde2 $146 (8. Nxc6 $11 Bxc6 9. Qd2) ({Predecessor:} 8. Nxc6 Bxc6 9. Qd3 Qc7 10. Qg3 Qxg3 11. hxg3 b5 12. f3 f6 13. a4 b4 14. Ne2 Bc5 15. Nf4 {1-0 (29) Navara,D (2693)-Dreev,A (2623) Chess.com INT 2022}) 8... Nf6 $15 9. Qd2 Bc5 {[%emt 0:05:02][%cal Bf8c5,Bc5f2,Bf2d4][%mdl 32] Black is slightly better.} 10. f3 O-O 11. O-O-O $1 b5 {[%emt 0:01:12] Inhibits Na4.} 12. Nf4 (12. Kb1 $11) 12... Qb6 $17 13. Re1 {[%emt 0:00:13] Against Be3} Bf2 14. Re2 Bd4 15. g4 {[%emt 0:12:31] [#]} Qc5 (15... Rfc8 $1 $17 {aiming for ...Nb4.} 16. Kb1 a5) 16. Kb1 $11 Rfc8 17. Bg2 Nb4 18. Na4 bxa4 ({Black should try} 18... Qxc2+ $1 $11 19. Qxc2 Rxc2) 19. Bxd4 $16 {[%emt 0:01:53] Chess con chili.} Qe7 (19... Qf8 $16 {keeps fighting.}) 20. Bxf6 $18 gxf6 21. Nh5 {[%emt 0:00:19][%cal Bf4h5,Bh5f6,Bf6d7,Bd7c5][%mdl 32] [#] Qh6 would kill now.} Kh8 22. Qh6 Rg8 {[%emt 0:00:20] Against Qg7+} 23. Qxf6+ Qxf6 24. Nxf6 Rgd8 25. Rd1 (25. bxa4 $6 d5 $16) 25... axb3 26. cxb3 Kg7 27. g5 ({Don't take} 27. Nxd7 Nd5 28. exd5 Rxd7) ({Resist} 27. Rxd7 $6 Kxf6 28. Rxb7 Nd3 $16) 27... Nc6 (27... h6 $142 28. f4 (28. Rxd7 Rxd7 29. Nxd7 hxg5 $16) 28... hxg5) 28. Red2 Ne5 29. Nxd7 Ng6 30. Nc5 Rxd2 31. Rxd2 Bc6 32. Rd6 (32. Bf1 $18) 32... Bb5 $16 33. Rd2 (33. Rd1 $16) 33... Nf4 (33... Bc6 $11) 34. Na4 (34. Nb7 $16) 34... Bxa4 35. bxa4 $11 {[%emt 0:00:01][%mdl 4096] Endgame KRB-KRN} Rb8+ $1 36. Ka1 Rb4 37. Bf1 {[%emt 0:00:16] Threatens to win with a3.} Rxa4 38. Kb2 {[%emt 0:00:24] And now Kb3 would win.} Rb4+ 39. Kc3 Rb6 ({Better is} 39... a5 $14) 40. Rd7 e5 $2 (40... Ng6 $16 {might work better.}) 41. Bc4 $18 {[%emt 0:30:48] Black must now prevent h4.} Ne6 42. h4 (42. Bxe6 Rxe6 43. Kc4 h6 $18) 42... Kg6 43. Bd5 {[%emt 0:00:00] Prevents Rc6+.} f6 $2 (43... a5 44. Ra7 a4) 44. gxf6 Kxf6 45. Rxh7 {[%emt 0:00:00] Strongly threatening Rh6+.} Kg6 {[%emt 0:00:00] Inhibits Rh6+.} 46. Rb7 Rxb7 (46... Rd6 47. Bxe6 Rxe6) 47. Bxb7 {[%emt 0:00:00] White is clearly winning.} Nd4 48. Bxa6 Nxf3 49. Be2 {[%emt 0:00:00] Weighted Error Value: White=0.21 (precise) /Black=0.35} 1-0